 Dungeon Crawl Stone Soup version 0.31.0-11-ge490571c62 (webtiles) character file.

Game seed: 4747181680187045281

250938 zenocrate the Unseen (level 20, -16/99 HPs)
             Began as a Vine Stalker Enchanter on Jan 26, 2024.
             Was the Champion of Hepliaklqana.
             Killed from afar by a spriggan air mage (43 damage)
             ... with a bolt of lightning
             ... led by the Enchantress
             ... on level 1 of the Depths.
             The game lasted 01:15:47 (35971 turns).

zenocrate the Unseen (Vine Stalker Enchanter)      Turns: 35971, Time: 01:15:48

Health: -16/99     AC: 28    Str: 16    XL:     20   Next: 8%
Magic:  0/35       EV: 18    Int: 16    God:    Hepliaklqana [******]
Gold:   4063       SH:  7    Dex: 20    Spells: 11/39 levels left

rFire   . . .        b - +11 dagger "Yneng" {elec, Fly rN+++ Int-2 Stlth+}
rCold   + + +        o - +0 buckler
rNeg    + + +        C - +4 swamp dragon scales
rPois   +            M - +3 helmet of Liberty {+Inv Stlth+}
rElec   .            k - +0 cloak
rCorr   +            L - +1 pair of gloves
SInv    .            K - +1 pair of boots "Hucukkel" {rC+++ rCorr Str+3 Dex-5}
Will    +++..        q - amulet of regeneration
Stlth   +++++++++    f - +4 ring of slaying
HPRegen 0.00/turn    m - ring "Osen" {Fly Will+ AC+4 Str+2}
MPRegen 0.24/turn

%: guardian spirit
@: mighty, confusing by touch, about to teleport, sick, on blink cooldown,
flying, studying Fighting
A: reduced essence, fangs 3, regeneration 1, magic shield, antimagic bite, no
potion heal 2, agile 1, clever 1
}: 1/15 runes: decaying
a: Renounce Religion, Evoke Invisibility, Recall Ancestor, Ancestor Identity,
Transference, Idealise


You were on level 1 of the Depths.
You worshipped Hepliaklqana.
Hepliaklqana was exalted by your worship.
You visited 8 branches of the dungeon, and saw 33 of its levels.
You visited the Abyss 1 time.
You also visited: Sewer, Ossuary and Desolation.

You collected 5186 gold pieces.
You spent 1123 gold pieces at shops.

Inventory:

Hand Weapons
 b - the +11 dagger "Yneng" (weapon) {elec, Fly rN+++ Int-2 Stlth+}
   (You found it on level 2 of the Dungeon)

   Int-2:     It affects your intelligence (-2).
   rN+++:     It renders you almost immune to negative energy.
   Fly:       It grants you flight.
   Stlth+:    It makes you more stealthy.
Missiles
 d - 6 javelins
 x - 22 boomerangs
 A - 6 poisoned darts
 G - 2 throwing nets
 I - 9 silver javelins
 S - 9 atropa-tipped darts
 W - 13 curare-tipped darts (quivered)
Armour
 k - a +0 cloak (worn)
 o - a +0 buckler (worn)
 C - +4 swamp dragon scales (worn)
 H - +0 fire dragon scales
 K - the +1 pair of boots "Hucukkel" (worn) {rC+++ rCorr Str+3 Dex-5}
   (You found it on level 5 of the Dungeon)

   Str+3:     It affects your strength (+3).
   Dex-5:     It affects your dexterity (-5).
   rC+++:     It renders you almost immune to cold.
   rCorr:     It protects you from acid and corrosion.
 L - a +1 pair of gloves (worn)
 M - the +3 helmet of Liberty (worn) {+Inv Stlth+}
   (You found it on level 3 of the Swamp)

   +Inv:      It lets you turn invisible.
   Stlth+:    It makes you more stealthy.
Jewellery
 a - the ring "Uhaih" {Will+ Int+5 Dex-3 Stlth+}
   (You found it on level 3 of the Swamp)

   [ring of willpower]

   Int+5:     It affects your intelligence (+5).
   Dex-3:     It affects your dexterity (-3).
   Will+:     It increases your willpower.
   Stlth+:    It makes you more stealthy.
 f - a +4 ring of slaying (left hand)
 l - a ring of see invisible
 m - the ring "Osen" (right hand) {Fly Will+ AC+4 Str+2}
   (You acquired it on level 6 of the Dungeon)

   [ring of protection]

   AC+4:      It affects your AC (+4).
   Str+2:     It affects your strength (+2).
   Will+:     It increases your willpower.
   Fly:       It grants you flight.
 q - an amulet of regeneration (around neck)
 D - a ring of protection from fire
Wands
 y - a wand of paralysis (16)
 B - a wand of light (16)
 E - a wand of roots (3)
 P - a wand of flame (87)
 R - a wand of mindburst (50)
 T - a wand of digging (6)
Scrolls
 h - 3 scrolls of immolation
 j - 3 scrolls of teleportation
 n - 2 scrolls of silence
 s - 2 scrolls of fog
 t - 2 scrolls of butterflies
 w - a scroll of fear
 J - 4 scrolls of poison
 N - 6 scrolls of blinking
 V - a scroll of revelation
 Z - 4 scrolls of vulnerability
Potions
 c - a potion of invisibility
 g - 5 potions of ambrosia
 i - 4 potions of cancellation
 r - a potion of haste
 u - 8 potions of magic
 v - 6 potions of brilliance
 z - a potion of might
 F - 6 potions of curing
 U - a potion of resistance
 X - 2 potions of enlightenment
Miscellaneous
 e - a condenser vane
 p - a phial of floods
 Q - a lightning rod (4/4)


   Skills:
 + Level 13.7 Fighting
 + Level 12.8 Short Blades
 - Level 3.0 Throwing
 * Level 8.3 Armour
 + Level 11.9 Dodging
 + Level 18.5 Stealth
 + Level 7.9 Shields
 + Level 10.0 Spellcasting
 + Level 11.1 Hexes
 + Level 4.6 Translocations
 - Level 3.7 Ice Magic
 + Level 9.8 Invocations
 + Level 8.2 Evocations


You had 11 spell levels left.
You knew the following spells:

 Your Spells              Type           Power      Damage    Failure   Level
a - Ensorcelled Hibernat  Hex/Ice        62%        N/A       1%          2
b - Confusing Touch       Hex            43%        N/A       1%          3
c - Tukima's Dance        Hex            43%        N/A       1%          3
d - Cause Fear            Hex            21%        N/A       1%          4
e - Dazzling Flash        Conj/Hex       50%        N/A       6%          3
f - Enfeeble              Hex            21%        N/A       86%         7
m - Apportation           Tloc           44%        N/A       3%          1
x - Blink                 Tloc           44%        N/A       4%          2
y - Swiftness             Air            8%         N/A       50%         3

Your spell library contained the following spells:

 Spells                   Type           Power      Damage    Failure   Level
 Jinxbite                 Hex            86%        N/A       1%          2
 Lesser Beckoning         Tloc           44%        N/A       4%          2
 Inner Flame              Hex/Fire       25%        N/A       6%          3
 Gell's Gravitas          Tloc           22%        N/A       9%          3
 Teleport Other           Tloc           22%        N/A       9%          3
 Momentum Strike          Conj/Tloc      30%        3d8       12%         2
 Frozen Ramparts          Ice            38%        1d6       13%         3
 Foxfire                  Conj/Fire      32%        2x1d5     19%         1
 Necrotise                Necr           32%        1d5       19%         1
 Shock                    Conj/Air       32%        1d5       19%         1
 Sting                    Conj/Alch      32%        1d5       19%         1
 Summon Small Mammal      Summ           32%        N/A       19%         1
 Anguish                  Hex/Necr       12%        N/A       21%         4
 Volatile Blastmotes      Fire/Tloc      30%        2d12      22%         3
 Metabolic Englaciation   Hex/Ice        15%        N/A       26%         5
 Cigotuvi's Dreadful Rot  Necr/Alch/Air  16%        N/A       28%         2
 Scorch                   Fire           16%        2d5       28%         2
 Sublimation of Blood     Necr           8%         N/A       28%         2
 Manifold Assault         Tloc           22%        N/A       28%         4
 Vampiric Draining        Necr           8%         2d6       50%         3
 Iskenderun's Mystic Bla  Conj/Tloc      15%        2d5       58%         4
 Airstrike                Air            4%         2d(1-17)  88%         4
 Animate Armour           Summ/Erth      16%        N/A       88%         4
 Brom's Barrelling Bould  Conj/Erth      8%         2d3       88%         4
 Dispel Undead            Necr           8%         3d8       88%         4
 Flame Wave               Conj/Fire      8%         2d5       88%         4
 Fulminant Prism          Conj/Alch      4%         3d5       88%         4
 Ignite Poison            Fire/Alch      8%         N/A       88%         4
 Leda's Liquefaction      Alch/Erth      4%         N/A       88%         4
 Martyr's Knell           Necr/Summ      8%         N/A       88%         4
 Petrify                  Alch/Erth      8%         N/A       88%         4
 Sticky Flame             Fire/Alch      8%         2d4       88%         4
 Summon Lightning Spire   Summ/Air       8%         N/A       88%         4
 Summon Forest            Summ/Tloc      7%         N/A       91%         5
 Alistair's Intoxication  Alch           5%         N/A       99%         5
 Curse of Agony           Necr           8%         N/A       99%         5
 Fireball                 Conj/Fire      4%         3d4       99%         5
 Irradiate                Conj/Alch      4%         3d13      99%         5
 Iskenderun's Battlesphe  Conj           8%         2d6       99%         5
 Lee's Rapid Deconstruct  Erth           4%         3d5*      99%         5
 Bombard                  Conj/Erth      4%         9d2       100%        6
 Conjure Ball Lightning   Conj/Air       4%         3x3d6     100%        6
 Death Channel            Necr           4%         N/A       100%        6
 Eringya's Noxious Bog    Alch           4%         4d6       100%        6
 Plasma Beam              Fire/Air       4%         2x1d14    100%        6
 Starburst                Conj/Fire      4%         6d3       100%        6
 Summon Cactus Giant      Summ           4%         N/A       100%        6
 Orb of Destruction       Conj           4%         9d5       100%        7
 Spellforged Servitor     Conj/Summ      4%         N/A       100%        7
 Summon Hydra             Summ           4%         N/A       100%        7
 Disjunction              Tloc           11%        N/A       100%        8
 Ignition                 Fire           4%         3d4       100%        8
 Dragon's Call            Summ           4%         N/A       100%        9
 Fire Storm               Conj/Fire      4%         8d1       100%        9


Dungeon Overview and Level Annotations

Branches:
Dungeon (15/15)            Temple (1/1) D:7            Lair (5/5) D:11
  Swamp (4/4) Lair:3       Spider (3/4) Lair:2        Slime (0/5) Lair:5
    Orc (2/2) D:9             Elf (2/3) Orc:2        Vaults (0/5) D:14
 Depths (1/4) D:15          Sewer (visited)         Ossuary (visited)
Desolation (visited)

Altars:
Ashenzari
Cheibriados
Dithmenos
Elyvilon
Fedhas
Gozag
Hepliaklqana
Kikubaaqudgha
Makhleb
Nemelex Xobeh
Okawaru
Qazlal
Ru
Sif Muna
Trog
Uskayaw
Vehumet
Wu Jian
Xom
Yredelemnul
Zin
The Shining One
Jiyva

Shops:
D:3 =   D:13 =   Orc:1 [   Orc:2 ?((!   Depths:1 *

Portals:
Hell: Depths:1
Pandemonium: Depths:1
Ziggurat: Depths:1

Annotations:
Depths:1 the Enchantress


Innate Abilities, Weirdness & Mutations

Your life essence is reduced to manifest your ancestor. (-10% HP)
You have razor-sharp teeth.
Your natural rate of healing is unusually fast.
When hurt, damage is shared between your health and your magic reserves.
Your bite disrupts and absorbs the magic of your enemies.
Potions cannot restore your health.
You are agile. (Dex +4, Str/Int -1)
Your mind is acute. (Int +4, Str/Dex -1)


Message History

You hit the Enchantress but do no damage.
The Enchantress blocks your attack.
The Enchantress is lightly wounded.
The spriggan defender closely misses you.
The spriggan completely misses you.
Unknown command.
Casting: Confusing Touch (safe; 1% risk of failure)
Confirm with . or Enter, or press ? or * to list all spells.
Your hands begin to glow red.
The spriggan defender hits you with a +2 demon whip of venom.
The Enchantress hits you with a +4 rapier of distortion!
Space warps horribly around you!
The spriggan hits you from afar with a +0 trident!
You hit the Enchantress but do no damage.
The Enchantress is lightly wounded.
The spriggan defender hits you but does no damage.
The Enchantress hits you with a +4 rapier of distortion!!
Space warps around you.
* * * LOW HITPOINT WARNING * * *
Unknown command.
Unknown command.
Unknown command.
Okay, then.
Casting: Confusing Touch (safe; 1% risk of failure)
Confirm with . or Enter, or press ? or * to list all spells.
You blink.
The daeva shouts!
You hear a horrible gurgling sound!
The spriggan air mage hits you but does no damage.
Unknown command.
Unknown command.
As you read the scroll of teleportation, it crumbles to dust.
You feel strangely unstable. The spriggan completely misses you.
You block the spriggan's attack.
Unknown command.
Unknown command.
The spriggan attacks as it pursues you!
The spriggan hits you but does no damage.
The spriggan air mage points at you and mumbles some strange words.
The bolt of lightning hits you!!!
You die...

#....##R.##....#...#....###
###...###.#...##.A.##.... #
##.##.R##....#A.A#.....##
##.#.####....#####.....#.
#..##R.##......#......##.
#...###.#.............#..
#..§#.i##.............#..
##.#[ii............~~.##.
###.i.i@..........~~.##.
##...............~.###
#...............≈...#
##...............~~~..
##....#................
#......................
##.................[....
##.......................
#........##.........##...


You could see 2 daevas, the Enchantress (repels missiles), a spriggan defender,
a spriggan air mage (repels missiles) and 2 spriggans.

Vanquished Creatures
  A bone dragon (Swamp:4)
  A lich (Depths:1)
  A deep elf blademaster (Elf:1)
  A tentacled starspawn (Abyss:4)
  Donald (Swamp:3)
  A fenstrider witch (Swamp:3)
  Kirke (Swamp:1)
  The ghost of ojifijod the Wrestler, an adept MiGl of Okawaru (Spider:3)
  4 thorn hunters
  The ghost of OceanMan the Blocker, a journeyman MiFi of Trog (D:13)
  2 deep elf sorcerers
  2 fire giants (Depths:1)
  A ghost moth (Spider:3)
  A deep elf elementalist (Elf:1)
  3 emperor scorpions
  2 angels (Elf:1)
  An orc warlord (Orc:1)
  A stone giant (Depths:1)
  2 very ugly things (Depths:1)
  A spriggan defender (Depths:1)
  6 eleionomae
  2 broodmothers (Spider:2)
  A vampire knight (Depths:1)
  A red draconian (Abyss:4)
  A bunyip (Swamp:1)
  5 spark wasps
  Azrael (Spider:2)
  A green death (Abyss:4)
  A fire dragon (Depths:1)
  Josephine (Orc:1)
  An ettin (Depths:1)
  3 shambling mangroves (Swamp:2)
  Snorg (Orc:2)
  A vault guard (D:14)
  3 ogre magi (Orc:2)
  2 entropy weavers (Spider:2)
  A servant of whispers (Desolation)
  12 hydras
  A rakshasa (D:14)
  Erolcha (Orc:2)
  5 ghost crabs
  2 jorogumos (Spider:3)
  8 centaur warriors
  A death knight (D:15)
  An anaconda (Abyss:4)
  9 alligators
  2 radroaches (Spider:3)
  22 two-headed ogres
  The ghost of FoolsGold the Cleaver, a novice MiBe of Trog (D:9)
  6 boulder beetles
  7 dancing weapons
  A sphinx zombie (D:15)
  4 deep troll shamans
  3 tengu warriors
  A vampire mage (Abyss:4)
  3 deep troll earth magi
  An orc high priest (D:9)
  8 demonic crawlers
  2 thrashing horrors (Abyss:4)
  Urug (Lair:5)
  A naga sharpshooter (D:14)
  Sonja (D:12)
  5 death yaks (Lair:5)
  8 deep elf knights (Elf:1)
  Amaemon (D:8)
  2 skeletal warriors (D:15)
  2 iron trolls
  A sixfirhy (Depths:1)
  A pharaoh ant (Spider:3)
  A spatial maelstrom (Abyss:4)
  A spark wasp zombie (Depths:1)
  3 goliath frogs
  7 deep trolls
  3 swamp dragons
  2 spectral hydras (Swamp:4)
  2 orb spiders
  A mana viper (Abyss:4)
  6 deep elf archers
  2 spriggan druids
  A phantasmal warrior (Swamp:4)
  7 bog bodies
  3 spectral alligators (Swamp:4)
  A lindwurm (Lair:4)
  6 steelbarb worms
  2 orc knights
  A necromancer (D:15)
  Pikel (D:5)
  2 wolf spider zombies (D:13)
  8 deep elf pyromancers
  5 deep elf zephyrmancers
  24 ugly things
  7 cyclopes
  3 oklob plants
  9 wolf spiders
  A worldbinder (Abyss:4)
  4 will-o-the-wisps
  2 spectral centaurs (D:13)
  Maurice (D:12)
  10 elephants
  A moth of wrath (Spider:3)
  3 kobold blastminers
  2 manticores
  A smoke demon (Abyss:4)
  An apocalypse crab (Abyss:4)
  3 black mambas
  2 gargoyles (D:12)
  9 cane toads
  An orange demon (D:8)
  2 molten gargoyles
  6 rime drakes
  A kobold demonologist (D:12)
  A spark wasp simulacrum (Depths:1)
  3 swamp worm zombies (Swamp:4)
  A hellion (Abyss:4)
  15 komodo dragons
  A tormentor (Depths:1)
  3 efreet
  A yaktaur (D:15)
  3 tengu conjurers
  A queen bee (D:14)
  8 trolls
  2 polar bears (Lair:5)
  2 hydra zombies (Swamp:4)
  Grinder (D:5)
  A bloated husk (Swamp:1)
  11 tyrant leeches
  17 dream sheep
  A wind drake (Abyss:4)
  2 raiju
  8 tarantellas
  8 hornets
  2 spectral swamp dragons (Swamp:4)
  5 saltlings
  A stone giant simulacrum (Depths:1)
  11 blink frogs
  6 wraiths
  16 jumping spiders
  6 wyverns
  2 shadows
  7 culicivoras
  A spriggan skeleton (D:15)
  11 slime creatures
  7 spriggans
  3 water elementals
  Eustachio (D:4)
  3 vampires
  An air elemental (Elf:1)
  3 hogs (Swamp:1)
  4 wargs
  4 humans (D:7)
  4 tyrant leech zombies (Swamp:4)
  A steam dragon (shapeshifter) (D:14)
  4 fire elementals
  A redback (shapeshifter) (Elf:1)
  32 yaks
  39 redbacks
  4 vampire mosquitoes (D:14)
  7 basilisks
  2 chaos spawn (Abyss:4)
  Grum (D:11)
  A harpy simulacrum (D:13)
  20 swamp worms
  5 hell hounds
  14 water moccasins
  Duvessa (D:5)
  20 orc warriors
  3 swamp drakes
  2 sky beasts (D:6)
  A black bear (shapeshifter) (D:14)
  2 black bears (D:5)
  3 swamp dragon zombies (Swamp:4)
  2 laughing skulls (D:13)
  A small abomination (Abyss:4)
  26 ogres
  7 phantoms (Swamp:4)
  10 centaurs
  21 wolves
  Blork the orc (D:6)
  2 elf zombies (Ossuary)
  3 weeping skulls
  A kobold brigand (D:8)
  18 bullfrogs
  An earth elemental (Elf:1)
  6 scorpions
  A tengu simulacrum (Depths:1)
  Dowan (D:5)
  2 burial acolytes (Ossuary)
  12 killer bees
  5 howler monkeys
  3 bombardier beetles
  19 orc priests
  A human zombie (Ossuary)
  2 jellies (D:9)
  2 hounds
  Jessica (D:2)
  6 iguanas
  2 sleepcaps
  21 orc wizards
  5 hound zombies (Ossuary)
  2 mummies (Ossuary)
  Robin (D:2)
  9 adders
  13 gnolls
  3 shadow imps
  2 white imps
  An ufetubus (D:5)
  11 dart slugs
  4 ribbon worms
  74 orcs
  7 bats
  7 endoplasms
  13 giant cockroaches
  6 gnoll zombies (Ossuary)
  16 goblins
  5 hobgoblins
  8 jackals
  12 kobolds
  6 quokkas
  12 ball pythons
  20 frilled lizards
  3 orc zombies (Ossuary)
  2 rats
1113 creatures vanquished.

Vanquished Creatures (collateral kills)
  A lich (Depths:1)
  A tentacled monstrosity (Swamp:3)
  2 ghost moths
  2 spriggan defenders (Depths:1)
  A broodmother (Spider:1)
  A stone giant (Depths:1)
  A bunyip (Swamp:2)
  A blizzard demon (Abyss:4)
  An entropy weaver (Spider:1)
  A spectral spriggan (Depths:1)
  A hydra (Swamp:3)
  A spriggan air mage (Depths:1)
  2 ogre magi
  2 catoblepae
  A centaur warrior (D:13)
  A vampire mage (D:15)
  3 two-headed ogres
  2 thrashing horrors (Abyss:4)
  2 deep elf knights
  A storm dragon zombie (D:15)
  A sixfirhy (Depths:1)
  A spectral bunyip (Swamp:4)
  A goliath frog (Swamp:3)
  A swamp dragon (Swamp:2)
  A sun moth (Spider:1)
  A bog body (Swamp:3)
  2 spectral hydras (Swamp:4)
  A deep elf pyromancer (Elf:1)
  A necromancer (D:15)
  2 wolf spiders (Spider:1)
  A cyclops (D:11)
  5 ugly things
  A spectral centaur (D:13)
  A moth of wrath (Spider:2)
  A centaur zombie (D:13)
  A smoke demon (Abyss:4)
  2 swamp worm zombies (Swamp:4)
  A torpor snail (Lair:5)
  2 cane toads
  An unseen horror (D:11)
  A komodo dragon (Lair:4)
  An efreet (D:15)
  2 hornets (Swamp:2)
  A troll (D:13)
  A polar bear (D:14)
  3 tarantellas
  3 dream sheep (Lair:5)
  2 saltlings (Desolation)
  3 raiju (Abyss:4)
  A blink frog (Lair:2)
  2 jumping spiders
  A centaur simulacrum (D:13)
  2 spriggans (Depths:1)
  A fire elemental (Spider:2)
  4 yaks
  A culicivora (Lair:2)
  A tyrant leech zombie (Swamp:4)
  A warg (Orc:1)
  A neqoxec (Abyss:4)
  2 redbacks
  A vampire mosquito (D:14)
  A swamp worm (Swamp:3)
  A spectral hornet (D:13)
  An orc warrior (Orc:1)
  2 swamp dragon zombies (Swamp:4)
  3 ogres
  4 wolves
  A gnoll sergeant (D:10)
  A killer bee (D:8)
  An electric eel (Lair:1)
  2 orc priests (D:11)
  3 orc wizards
  A gnoll (D:10)
  20 orcs
  2 butterflies
134 creatures vanquished.

Vanquished Creatures (others)
  An eleionoma (Swamp:4)
  A two-headed ogre (Orc:2)
  A deep elf knight (Elf:2)
  4 bloated husks (Swamp:4)
  A human (Swamp:1)
  A phantom (Swamp:4)
  An orc priest (Orc:2)
  2 ancestors
  31 hexers
  An orc (D:8)
  5 starspawn tentacles (Abyss:4)
49 creatures vanquished.

Grand Total: 1296 creatures vanquished

Notes
Turn   | Place    | Note
-------+----------+-------------------------------------------
     0 | D:1      | zenocrate the Vine Stalker Enchanter began the quest for
                  | the Orb.
     0 | D:1      | Reached XP level 1. HP: 9/9 MP: 4/4
    75 | D:1      | Reached skill level 1 in Short Blades
   207 | D:1      | Reached XP level 2. HP: 11/13 MP: 3/6
   287 | D:1      | Learned a level 2 spell: Ensorcelled Hibernation
   545 | D:1      | Reached skill level 4 in Stealth
   545 | D:1      | Reached XP level 3. HP: 16/16 MP: 7/7
   664 | D:1      | Learned a level 3 spell: Confusing Touch
   774 | D:2      | Identified the +11 dagger "Yneng" {elec, Fly rN+++ Int-2
                  | Stlth+}
   834 | D:2      | Noticed Robin
   987 | D:2      | Reached XP level 4. HP: 21/21 MP: 4/8
   993 | D:2      | Reached skill level 1 in Ice Magic
  1000 | D:2      | Killed Robin
  1186 | D:2      | Noticed Jessica
  1192 | D:2      | Killed Jessica
  1325 | D:2      | Learned a level 3 spell: Tukima's Dance
  1375 | D:3      | Reached XP level 5. HP: 24/24 MP: 10/10
  1375 | D:3      | Found Roseqoxkil's Jewellery Shoppe.
  2026 | D:4      | Noticed Eustachio
  2037 | D:4      | Killed Eustachio
  2038 | D:4      | Reached skill level 5 in Stealth
  2038 | D:4      | Reached XP level 6. HP: 28/28 MP: 6/12
  2181 | D:4      | Reached XP level 7. HP: 32/32 MP: 9/13
  2803 | D:5      | Entered Level 5 of the Dungeon
  2803 | D:5      | Found a glowing drain.
  2833 | Sewer    | Entered a sewer
  3127 | D:5      | Noticed Pikel
  3136 | D:5      | Killed Pikel
  3137 | D:5      | Reached skill level 6 in Stealth
  3137 | D:5      | Reached skill level 5 in Hexes
  3137 | D:5      | Gained mutation: You have razor-sharp teeth. [Vine Stalker
                  | growth]
  3137 | D:5      | Reached XP level 8. HP: 29/36 MP: 7/15
  3281 | D:5      | Reached skill level 1 in Fighting
  3305 | D:5      | Found a shimmering blue altar of Sif Muna.
  3313 | D:5      | Reached skill level 7 in Stealth
  3316 | D:5      | Reached XP level 9. HP: 30/41 MP: 10/16
  3400 | D:5      | Found a glowing golden altar of the Shining One.
  3428 | D:5      | Noticed Dowan
  3434 | D:5      | Noticed Duvessa
  3439 | D:5      | Killed Duvessa
  3442 | D:5      | Killed Dowan
  3701 | D:5      | Found a hazy altar of Hepliaklqana.
  3718 | D:5      | Found an ancient bone altar of Kikubaaqudgha.
  3904 | D:5      | Noticed Grinder
  3918 | D:5      | Killed Grinder
  4039 | D:5      | Reached skill level 8 in Stealth
  4057 | D:5      | Noticed a two-headed ogre
  4058 | D:5      | Noticed a komodo dragon
  4060 | D:5      | Killed a two-headed ogre
  4061 | D:5      | Reached skill level 5 in Short Blades
  4061 | D:5      | Reached skill level 5 in Dodging
  4062 | D:5      | Killed a komodo dragon
  4063 | D:5      | Reached XP level 10. HP: 49/49 MP: 17/17
  4064 | D:5      | Got Nathreaha's Compendium of the Crystalline Volcano
  4065 | D:5      | Identified the +1 pair of boots "Hucukkel" {rC+++ rCorr
                  | Str+3 Dex-5}
  4314 | D:6      | Identified 2 scrolls of acquirement
  4314 | D:6      | Acquired 979 gold pieces
  4316 | D:6      | Acquired the ring "Osen" {Fly Will+ AC+4 Str+2}
  4453 | D:5      | Became a worshipper of Hepliaklqana the Forgotten
  4521 | D:6      | Noticed Blork the orc
  4540 | D:6      | Found a sand-covered staircase.
  4543 | Ossuary  | Entered an ossuary
  4579 | Ossuary  | Reached skill level 9 in Stealth
  4967 | D:6      | Killed Blork the orc
  5635 | D:7      | Reached * piety under Hepliaklqana
  5967 | D:7      | Found a staircase to the Ecumenical Temple.
  6121 | Temple   | Entered the Ecumenical Temple
  6161 | D:8      | Reached skill level 5 in Fighting
  6239 | D:8      | Reached skill level 10 in Stealth
  6300 | D:8      | Reached XP level 11. HP: 41/49 MP: 18/18
  6325 | D:8      | Noticed Amaemon
  6637 | D:8      | Learned a level 3 spell: Swiftness
  6641 | D:8      | Learned a level 3 spell: Dazzling Flash
  6643 | D:8      | Learned a level 1 spell: Apportation
  6668 | D:8      | Killed Amaemon
  6818 | D:9      | Noticed a two-headed ogre
  6825 | D:9      | Killed a two-headed ogre
  6945 | D:9      | Found a staircase to the Orcish Mines.
  7137 | D:9      | Reached ** piety under Hepliaklqana
  7138 | D:9      | Remembered your ancestor Akiya as a hexer
  7230 | D:9      | Found a runed translucent gate.
  7230 | D:9      | Found a runed translucent gate.
  7230 | D:9      | Found a runed translucent gate.
  7231 | D:9      | Found a viscous altar of Jiyva.
  7231 | D:9      | Noticed FoolsGold's ghost (novice MiBe)
  7415 | D:9      | Gained mutation: You sometimes lose your temper in combat.
                  | [potion of mutation]
  7416 | D:9      | Lost mutation: You sometimes lose your temper in combat.
                  | [potion of mutation]
  7416 | D:9      | Gained mutation: Your mind is acute. (Int +4, Str/Dex -1)
                  | [potion of mutation]
  7416 | D:9      | Gained mutation: You are agile. (Dex +4, Str/Int -1)
                  | [potion of mutation]
  7452 | D:10     | Entered Level 10 of the Dungeon
  7582 | D:10     | Reached skill level 11 in Stealth
  8374 | D:11     | Noticed a two-headed ogre
  8376 | D:11     | Noticed a cyclops
  8382 | D:11     | Killed a two-headed ogre
  8389 | D:11     | Killed a cyclops
  8390 | D:11     | Reached XP level 12. HP: 52/55 MP: 19/19
  8404 | D:11     | Found a hide-covered altar of Uskayaw.
  8463 | D:11     | Reached *** piety under Hepliaklqana
  8473 | D:11     | Noticed Grum
  8492 | D:11     | Killed Grum
  8569 | D:11     | Found a staircase to the Lair.
  8797 | D:11     | Noticed a two-headed ogre
  8803 | D:11     | Killed a two-headed ogre
  8897 | D:11     | Reached skill level 12 in Stealth
  9093 | Lair:1   | Entered Level 1 of the Lair of Beasts
  9169 | Lair:1   | Noticed a boulder beetle
  9482 | Lair:1   | Killed a boulder beetle
  9563 | Lair:1   | Found a sacrificial altar of Ru.
 10431 | Lair:2   | Reached skill level 13 in Stealth
 10480 | Lair:2   | Reached **** piety under Hepliaklqana
 10501 | Lair:2   | Reached XP level 13. HP: 61/61 MP: 20/20
 11019 | Lair:2   | Found a hole to the Spider Nest.
 11584 | Lair:3   | Reached ***** piety under Hepliaklqana
 11781 | Lair:3   | Reached skill level 14 in Stealth
 11970 | Lair:3   | Reached skill level 10 in Short Blades
 12686 | Lair:3   | Found a staircase to the Swamp.
 13069 | Lair:4   | Reached skill level 1 in Invocations
 13275 | Lair:4   | Got Sif Muna's Incunabulum of Abstinence
 13290 | Lair:4   | Learned a level 4 spell: Cause Fear
 13293 | Lair:4   | Learned a level 2 spell: Blink
 13374 | Lair:4   | Reached XP level 14. HP: 66/67 MP: 17/22
 13383 | Lair:4   | Reached skill level 1 in Shields
 13383 | Lair:4   | Reached skill level 1 in Evocations
 13472 | Lair:4   | Reached skill level 1 in Armour
 14044 | Lair:5   | Entered Level 5 of the Lair of Beasts
 14116 | Lair:5   | Reached skill level 5 in Spellcasting
 14429 | Lair:5   | Reached ****** piety under Hepliaklqana
 14499 | Lair:5   | Noticed Urug
 14513 | Lair:5   | Killed Urug
 14617 | Lair:5   | Found a viscous altar of Jiyva.
 14618 | Lair:5   | Found a staircase to the Slime Pits.
 15070 | Lair:5   | Reached skill level 15 in Stealth
 15497 | Orc:1    | Entered Level 1 of the Orcish Mines
 15888 | D:9      | Killed FoolsGold's ghost
 16115 | Orc:1    | Noticed an orc warlord
 16157 | Orc:1    | Killed an orc warlord
 16389 | Orc:1    | Found Uthaaki's Armour Boutique.
 16843 | Orc:2    | Entered Level 2 of the Orcish Mines
 16916 | Orc:2    | Noticed Snorg
 16930 | Orc:2    | Killed Snorg
 16933 | Orc:2    | Noticed Erolcha
 16947 | Orc:2    | Noticed Josephine
 16948 | Orc:2    | Killed Erolcha
 16952 | Orc:2    | Reached XP level 15. HP: 33/72 MP: 16/24
 16968 | Orc:2    | Reached skill level 10 in Fighting
 17028 | Orc:1    | Reached skill level 10 in Dodging
 17028 | Orc:1    | Reached skill level 5 in Invocations
 17249 | Orc:1    | Killed Josephine
 17479 | Orc:2    | Found a staircase to the Elven Halls.
 17668 | Orc:2    | Found Inacly's Distillery.
 17668 | Orc:2    | Found Koixkema's Weapon Shoppe.
 17669 | Orc:2    | Found Tygirub's Antique Weapon Shoppe.
 17669 | Orc:2    | Found Uqoess's Magic Scroll Shop.
 17695 | Orc:2    | Bought 2 potions of cancellation for 256 gold pieces
 17695 | Orc:2    | Bought a potion of cancellation for 128 gold pieces
 17695 | Orc:2    | Bought a potion of mutation for 128 gold pieces
 17695 | Orc:2    | Bought a potion of might for 64 gold pieces
 17697 | Orc:2    | Bought a scroll of teleportation for 39 gold pieces
 17697 | Orc:2    | Bought a scroll of fog for 52 gold pieces
 17697 | Orc:2    | Bought a scroll of teleportation for 39 gold pieces
 17697 | Orc:2    | Bought a scroll of revelation for 97 gold pieces
 17900 | Elf:1    | Entered Level 1 of the Elven Halls
 17920 | Elf:1    | Noticed an angel
 17921 | Elf:1    | Found a white marble altar of Elyvilon.
 17928 | Elf:1    | Found a crumbling gateway.
 17928 | Elf:1    | Noticed an angel
 17930 | Elf:1    | Found a glowing silver altar of Zin.
 17930 | Elf:1    | Found a glowing golden altar of the Shining One.
 17987 | Elf:1    | Killed an angel
 18253 | Elf:1    | Killed an angel
 18303 | Desolati | Entered the Desolation of Salt
 18561 | Elf:1    | Paralysed by an air elemental for 1 turns
 18568 | Elf:1    | Paralysed by an air elemental for 1 turns
 18784 | Elf:1    | Found a huge runed translucent gate.
 18784 | Elf:1    | Found a huge runed translucent gate.
 18784 | Elf:1    | Found a huge runed translucent gate.
 18784 | Elf:1    | Found a huge runed translucent gate.
 18784 | Elf:1    | Found a huge runed translucent gate.
 18784 | Elf:1    | Found a huge runed translucent gate.
 18784 | Elf:1    | Found a huge runed translucent gate.
 18784 | Elf:1    | Found a huge runed translucent gate.
 18784 | Elf:1    | Found a huge runed translucent gate.
 18784 | Elf:1    | Found a huge runed translucent gate.
 18784 | Elf:1    | Found a huge runed translucent gate.
 18788 | Elf:1    | Found a huge runed translucent gate.
 18788 | Elf:1    | Found a huge runed translucent gate.
 18788 | Elf:1    | Found a huge runed translucent gate.
 18788 | Elf:1    | Found a huge runed translucent gate.
 18788 | Elf:1    | Found a huge runed translucent gate.
 18788 | Elf:1    | Found a huge runed translucent gate.
 18788 | Elf:1    | Found a huge runed translucent gate.
 18788 | Elf:1    | Found a huge runed translucent gate.
 18790 | Elf:1    | Found a huge runed translucent gate.
 18938 | Elf:1    | Noticed a deep elf sorcerer
 19048 | Elf:1    | Killed a deep elf sorcerer
 19428 | D:12     | Noticed Sonja
 19433 | D:12     | Killed Sonja
 19434 | D:12     | Reached XP level 16. HP: 77/77 MP: 27/27
 19573 | D:12     | Noticed Maurice
 19576 | D:12     | Killed Maurice
 19621 | D:12     | Reached skill level 16 in Stealth
 19861 | Orc:1    | Bought a +0 pair of gloves for 58 gold pieces
 20331 | Swamp:1  | Entered Level 1 of the Swamp
 20650 | Swamp:1  | Noticed a thorn hunter
 20672 | Swamp:1  | Killed a thorn hunter
 20696 | Swamp:1  | Noticed Kirke
 20724 | Swamp:1  | Killed Kirke
 20725 | Swamp:1  | Reached skill level 5 in Evocations
 20953 | Swamp:1  | Learned a level 7 spell: Enfeeble
 20953 | Swamp:1  | Acquired 784 gold pieces
 21203 | Elf:1    | Reached skill level 5 in Shields
 21455 | Elf:1    | Noticed a deep elf blademaster
 21611 | Elf:1    | Killed a deep elf blademaster
 22094 | D:13     | Found an ancient bone altar of Kikubaaqudgha.
 22133 | D:13     | Found a runed translucent gate.
 22133 | D:13     | Found a runed translucent gate.
 22133 | D:13     | Found a runed translucent gate.
 22142 | D:13     | Noticed OceanMan's ghost (journeyman MiFi)
 22181 | D:13     | Found Tebreaxt's Jewellery Shop.
 22577 | D:13     | Killed OceanMan's ghost
 22773 | Spider:1 | Entered Level 1 of the Spider Nest
 23523 | Spider:1 | Reached skill level 5 in Armour
 23815 | D:14     | Reached skill level 17 in Stealth
 23815 | D:14     | Reached XP level 17. HP: 81/81 MP: 29/29
 24232 | D:14     | Found a gate to the Vaults.
 24398 | D:14     | Reached skill level 1 in Throwing
 24425 | D:14     | Found a sparkling altar of Nemelex Xobeh.
 25365 | D:15     | Entered Level 15 of the Dungeon
 25542 | D:15     | Found a staircase to the Depths.
 26561 | Elf:1    | Reached skill level 10 in Hexes
 27317 | Swamp:2  | Reached XP level 18. HP: 50/88 MP: 31/31
 28169 | Depths:1 | Entered Level 1 of the Depths
 28762 | Swamp:3  | Noticed Donald
 28779 | Swamp:3  | Killed Donald
 28780 | Swamp:3  | Reached skill level 1 in Translocations
 28837 | Swamp:3  | Found a transporter.
 29073 | Swamp:3  | Noticed a tentacled monstrosity
 29086 | Swamp:3  | Killed a tentacled monstrosity
 29087 | Swamp:3  | Found a transporter.
 29720 | Swamp:3  | Identified the ring "Uhaih" {Will+ Int+5 Dex-3 Stlth+}
 29723 | Swamp:3  | Identified the +3 helmet of Liberty {+Inv Stlth+}
 30401 | Swamp:4  | Entered Level 4 of the Swamp
 31250 | Swamp:4  | Noticed a bone dragon
 31444 | Swamp:4  | Killed a bone dragon
 31512 | Swamp:4  | Got a decaying rune of Zot
 31852 | Depths:1 | Reached skill level 18 in Stealth
 31911 | D:15     | Reached XP level 19. HP: 83/92 MP: 33/33
 32220 | Spider:2 | Noticed Azrael
 32237 | Spider:2 | Killed Azrael
 32266 | Spider:2 | Identified the +1 mace of Honour {flame, rF+ Int+3}
 33119 | Spider:3 | Found a runed translucent gate.
 33125 | Spider:3 | Found a runed translucent gate.
 33125 | Spider:3 | Found a runed translucent gate.
 33127 | Spider:3 | Noticed ojifijod's ghost (adept MiGl)
 34045 | Spider:3 | Killed ojifijod's ghost
 34068 | Spider:3 | Identified the ring "Yfuiq" {*Corrode rF+ rC+ Str+2}
 34668 | Depths:1 | Found a white marble altar of Elyvilon.
 34771 | Depths:1 | Found a gateway to Hell.
 34796 | Depths:1 | Found a one-way gate leading to the halls of Pandemonium.
 34919 | Depths:1 | Found Yboedgh's Assorted Antiques.
 35042 | Depths:1 | Noticed the Enchantress
 35100 | Depths:1 | Found a one-way gateway to a ziggurat.
 35149 | Depths:1 | Found a hazy altar of Hepliaklqana.
 35212 | Depths:1 | Bought a scroll of blinking for 262 gold pieces
 35689 | Abyss:4  | Cast into level 4 of the Abyss (the Enchantress)
 35842 | Abyss:4  | Reached XP level 20. HP: 79/99 MP: 30/34
 35903 | Abyss:4  | Reached skill level 10 in Spellcasting
 35960 | Depths:1 | Escaped the Abyss
 35971 | Depths:1 | Killed from afar by a spriggan air mage

Illustrated notes

Levels and vault maps discovered:
D:1:      scummos_arrival_simple_crosswalls, layout_rooms
D:2:      layout_rooms, st_stairs_6, uniq_jessica, uniq_robin
D:3:      minmay_wonky_spiral, layout_loops_ring, serial_shops,
          nicolae_shop_pleasant_corner_grove
D:4:      layout_basic, hangedman_decor_lopped, uniq_eustachio
D:5:      kennysheep_windowed_halls, layout_loops_ring,
          nicolae_overflow_quartered_altars, gup_sewer_entry_glass,
          uniq_grinder, uniq_pikel, uniq_duvessa
D:6:      layout_loops_ring, lightli_ossuary_entry_decrepit_ruins,
          minmay_misc_feat_x, uniq_blork_the_orc
D:7:      layout_cave_pools, minmay_temple_entry_butterflies, minmay_ruffians
D:8:      layout_basic, uniq_amaemon
D:9:      layout_irregular_city, david_orc_1_choice, gammafunk_ghost_ooze
D:10:     layout_irregular_city, serial_bayou_crossing
D:11:     layout_irregular_city, erik_lair_orcish_takeover, serial_column_ruins,
          column_ruins_open_small, column_ruins_columns_corner,
          column_ruins_open_tiny, column_ruins_grid_3, column_ruins_open_tiny,
          column_ruins_columns_dead_end, chequers_serial_rivers_micro_d,
          chequers_garden, eat_drink_and_be_merry_uskayaw, uniq_grum
D:12:     layout_roguey, chequers_serial_rivers_small_b, uniq_maurice,
          uniq_sonja
D:13:     layout_basic, gammafunk_ghost_necromancy, serial_shops,
          nicolae_stop_n_shop_1, minivault_1, kennysheep_path_1,
          nicolae_kikubaaqudgha_miasma_corner
D:14:     regret_index_nemelex_summoning_deck_glade, layout_long_grid,
          david_vaults_5
D:15:     gammafunk_depths_entry_grave, layout_basic, minmay_misc_feat_columns,
          minmay_misc_feat_four_crosses, lemuel_flamethrower_1
Temple:   eino_narrow_crystal_temple
Lair:1:   layout_cave_pods, basic_altar, serial_bayou_ford_a
Lair:2:   layout_layer_cave, spider_nest_entry_funnel_web, lemuel_fruit_tree
Lair:3:   layout_regular_city, palyth_hydra_swamp_entry,
          nicolae_lair_run_with_the_wolves, infiniplex_staircase_pool_2,
          grunt_megastairs_3
Lair:4:   layout_gridlike, minmay_lair_oklob_items, grunt_megastairs_1
Lair:5:   grunt_lair_end_beastmaster, layout_regular_city,
          dpeg_slime_entry_enclosed, chequers_serial_rivers_room_b,
          lemuel_fruit_fields, serial_bayou_shore_b, uniq_urug
Swamp:1:  layout_basic_swamp, evilmike_swamp_ruin_wall, uniq_kirke
Swamp:2:  nicolae_swamp_phyte_club, layout_basic_swamp, nicolae_swamp_stair_fork
Swamp:3:  gammafunk_worm_tunnel, layout_falls_marsh, nicolae_swamp_small_spring,
          uniq_donald
Swamp:4:  swamp_pestilence, layout_basic_swamp
Spider:1: layout_spider_delve
Spider:2: layout_spider_delve, guppyfry_spider_mini_1, uniq_azrael
Spider:3: layout_spider_delve, gammafunk_ghost_split, spiders_nest_spider_trap
Orc:1:    cheibrodos_orc_arena, layout_caves, serial_shops, nicolae_square_shop
Orc:2:    st_orc_ogre_mass, layout_caves, blackcustard_rock_pile, uniq_snorg,
          uniq_erolcha, uniq_josephine
Elf:1:    layout_loops_ring, portal_desolation_entry_holy_temple,
          hangedman_elf_represent
Elf:2:    nicolae_elf_blades_splatter_lattice [grunt_blade_entry_basic],
          layout_geoelf_diagonals, nicolae_concentric_dashed_squares_mild
Depths:1: layout_cave_pools, enter_ziggurat_d, rand_demon_pan_entry_5,
          pf_hell_entry_tar_spiral, elyvilon_altar_3, serial_shops,
          shop_fountains, shop, grunt_decor_resistance,
          nicolae_hepliaklqana_monster_ancestors, uniq_enchantress

Skill      XL: |  1  2  3  4  5  6  7  8  9 10 11 12 13 14 15 16 17 18 19 20 |
---------------+-------------------------------------------------------------+-----
Short Blades   | 1 2 3 4 5 6 7 9 10 11 12 | 12.8
Stealth        | 4 5 6 7 8 10 11 13 14 15 17 18 | 18.5
Dodging        | 2 3 4 5 6 7 8 9 10 11 | 11.9
Ice Magic      | 1 2 3 |  3.7
Spellcasting   | 3 4 5 7 8 9 10 | 10.0
Hexes          | 4 5 6 7 9 10 11 | 11.1
Fighting       | 1 3 5 6 8 9 10 11 12 13 | 13.7
Invocations    | 1 4 7 8 9 |  9.8
Shields        | 3 4 5 6 7 |  7.9
Evocations     | 3 4 5 6 7 8 |  8.2
Armour         | 2 4 5 7 8 |  8.3
Throwing       | 3 |  3.0
Translocations | 2 4 |  4.6

Action                     |  1- 3 |  4- 6 |  7- 9 | 10-12 | 13-15 | 16-18 | 19-21 || total
---------------------------+-------+-------+-------+-------+-------+-------+-------++-------
  Melee: Dagger            |    80 |    64 |   174 |   479 |   876 |  1397 |   514 ||  3584
         Bite              |    13 |     7 |    29 |   140 |   367 |   679 |   232 ||  1467
         Punch             |     2 |       |     2 |     9 |     7 |       |       ||    20
  Throw: Dart              |       |       |       |       |     1 |       |       ||     1
   Cast: Ensorcelled Hiber |     4 |     8 |     7 |    54 |    49 |    38 |     3 ||   163
         Confusing Touch   |       |       |     1 |     2 |    15 |     8 |    13 ||    39
         Tukima's Dance    |       |       |       |       |     2 |     5 |       ||     7
         Blink             |       |       |       |       |     5 |     5 |     2 ||    12
         Cause Fear        |       |       |       |       |     2 |     1 |       ||     3
         Apportation       |       |       |       |       |       |     2 |       ||     2
 Invoke: Ancestor Life: He |       |       |       |     1 |       |       |       ||     1
         Idealise          |       |       |       |       |     3 |     5 |     2 ||    10
         Recall Ancestor   |       |       |       |       |     2 |     1 |       ||     3
         Transference      |       |       |       |       |       |       |     1 ||     1
  Evoke: Wand              |       |       |       |       |     6 |     2 |     2 ||    10
         Condenser vane    |       |       |       |       |     2 |       |     1 ||     3
    Use: Scroll            |       |       |       |    25 |    21 |    15 |     4 ||    65
         Potion            |       |       |       |     3 |     3 |     5 |     5 ||    16
   Stab: Sleeping          |     6 |    18 |    23 |    47 |    41 |    35 |    11 ||   181
         Distracted        |       |     1 |     1 |     2 |     9 |    12 |     7 ||    32
         Confused          |       |       |       |     6 |    17 |    23 |    38 ||    84
         Petrified         |       |       |       |       |     1 |       |       ||     1
         Paralysed         |       |       |       |       |     3 |    41 |    33 ||    77
         Invisible         |       |       |       |       |     1 |     1 |       ||     2
 Armour: Robe              |    62 |    16 |    67 |    57 |       |       |       ||   202
         Ring mail         |       |       |       |   188 |   231 |       |       ||   419
         Troll leather arm |       |       |       |       |   261 |   555 |       ||   816
         Swamp dragon scal |       |       |       |       |       |   352 |   310 ||   662
  Dodge: Dodged            |    53 |    22 |   105 |   243 |   411 |   807 |   231 ||  1872
  Block: Other             |       |       |       |    79 |    65 |       |       ||   144
         Reflection        |       |       |       |     3 |     7 |     5 |       ||    15
         Buckler           |       |       |       |       |   113 |   334 |   103 ||   550
